 Dungeon Crawl Stone Soup version 0.30.1-11-g7821555f0a (webtiles) character file.

Game seed: 5263735299435206229

127 ChrisAssaf the Magician (level 5, -2/37 HPs)
             Began as a Djinni Conjurer on Dec 18, 2023.
             Killed by divine providence
             ... invoked by an orc priest
              (10 damage)
             ... on level 4 of the Dungeon.
             The game lasted 00:05:16 (1158 turns).

ChrisAssaf the Magician (Djinni Conjurer)           Turns: 1158, Time: 00:05:17

Health: -2/37      AC:  2    Str:  8    XL:     5   Next: 33%
Gold:   40         EV: 27    Int: 22    God:
                   SH:  0    Dex: 11

rFire   + + .        g - +4 hand axe
rCold   x . .        (no shield)
rNeg    . . .        i - +0 robe of Yesterday {Int+2}
rPois   ∞            (no helmet)
rElec   .            (no cloak)
rCorr   .            (no gloves)
SInv    .            (boots unavailable)
Will    .....        k - amulet of the acrobat
Stlth   ++           (no ring)
HPRegen 0.26/turn    (no ring)
MPRegen 0.00/turn

%: acrobat, infuse magic (-3 HP)
@: acrobatic, flying
A: sickness immunity, fire resistance 2, cold vulnerability 1, float, innate
caster, HP casting, extra vitality 1
a: no special abilities


You were on level 4 of the Dungeon.
You visited 1 branch of the dungeon, and saw 4 of its levels.

You collected 136 gold pieces.
You spent 96 gold pieces at shops.

Inventory:

Hand Weapons
 g - a +4 hand axe (weapon)
Armour
 a - a +1 robe
 i - the +0 robe of Yesterday (worn) {Int+2}
   (You took it off a goblin on level 3 of the Dungeon)

   Int:       It affects your intelligence (+2).
Jewellery
 k - an amulet of the acrobat (around neck)
Scrolls
 d - a scroll of immolation
 h - a scroll of vulnerability
Potions
 b - 2 potions of heal wounds {unknown}
 c - 3 potions of lignification
 e - a potion of curing
 f - a potion of might


   Skills:
 * Level 1.2 Fighting
 * Level 0.4 Axes
 * Level 1.2 Throwing
 * Level 1.1 Armour
 * Level 2.4 Dodging
 * Level 1.9 Stealth
 * Level 4.1 Spellcasting


You knew the following spells:

 Your Spells              Type           Power      Damage    Failure   Level
a - Magic Dart            Conj           88%        1d7       1%          1
b - Searing Ray           Conj           44%        2d6       3%          2
c - Dazzling Flash        Conj/Hex       44%        N/A       6%          3
d - Fulminant Prism       Conj/Hex       11%        3d8       21%         4
e - Iskenderun's Mystic   Conj/Tloc      22%        2d6       21%         4
f - Necrotise             Necr           88%        1d8       1%          1
g - Ensorcelled Hibernat  Hex/Ice        44%        N/A       3%          2
Your spell library was empty.

Dungeon Overview and Level Annotations

Branches:
Dungeon (4/15)             Temple (0/1) D:4

Altars:

Shops:
D:3 ?=


Innate Abilities, Weirdness & Mutations

You are immune to sickness and miasma.
You are immune to poison.
Your flesh is very heat resistant. (rF++)
You are vulnerable to cold. (rC-)
You float through the air rather than walking.
You learn spells naturally, not from books.
Your magical power is your life essence.
You have superior vitality. (+4 MHP)


Message History

The ufetubus is heavily wounded.
The ufetubus barely misses you. x2; The gnoll throws a stone.
The stone hits you.
You barely miss the ufetubus.
The ufetubus is heavily wounded.
The gnoll shouts!
You hear a shout! x3
The ufetubus completely misses you. The ufetubus hits you.
The ufetubus closely misses you. The ufetubus hits you.
You miss the ufetubus.
The ufetubus is moderately wounded.
The ufetubus hits you. The ufetubus barely misses you. The ufetubus hits you.
The ufetubus barely misses you.
Okay, then. 2 orc priests come into view.
The ufetubus hits you but does no damage.
The ufetubus misses you. The ufetubus closely misses you. x2
The orc priest shouts!
An orc wizard comes into view. It is wielding a +0 dagger.
The orc attacks as you move away! The orc closely misses you.
An orc wizard comes into view. It is wielding a +1 dagger of venom.
The orc wizard shouts!
The ufetubus misses you. The ufetubus hits you.
The orc attacks as you move away! The orc completely misses you.
The orc priest shouts!
You feel better. The ufetubus closely misses you.
The ufetubus completely misses you. The orc misses you.
The orc priest calls down the wrath of Beogh upon you.
Beogh smites you!
* * * LOW HITPOINT WARNING * * *
The orc wizard casts a spell.
The orc wizard flickers and vanishes!
Deactivating autopickup; reactivate with Ctrl-A.
The ufetubus closely misses you. x2
You hear a howl!
The ufetubus attacks as you move away! The ufetubus barely misses you.
The ufetubus hits you.
* * * LOW HITPOINT WARNING * * *
The orc priest mumbles some strange prayers to Beogh against you.
Beogh smites you!
You die...

... ... .. .... ....
.....########....
.....#..........#
.....PP.P.....{...###
#.....P.....o........
#.....>P.@5....o.....
#...P..P..o..........
###...P.....o..........
............gg...'''...
..##.............###..
.......†.........###
..##...............#
...................#
.###....(..........#


You could see 2 orc priests, an orc wizard, 2 gnolls, an orc and an ufetubus.

Vanquished Creatures
  3 orc wizards
  An adder (D:3)
  2 worms
  A dart slug (D:2)
  4 orcs
  2 ball pythons
  2 endoplasms (D:2)
  7 goblins
  2 hobgoblins
  2 kobolds (D:3)
  A quokka (D:2)
  A frilled lizard (D:1)
  6 rats
34 creatures vanquished.

Notes
Turn   | Place    | Note
-------+----------+-------------------------------------------
     0 | D:1      | ChrisAssaf the Djinni Conjurer began the quest for the Orb.
     0 | D:1      | ChrisAssaf set off with the following spells memorised:
                  | Magic Dart, Searing Ray, Dazzling Flash, Fulminant Prism,
                  | Iskenderun's Mystic Blast.
     0 | D:1      | Reached XP level 1. HP: 15/15 MP: 0/0
    78 | D:1      | Found a faded altar of an unknown god.
   238 | D:1      | Reached XP level 2. HP: 20/21 MP: 0/0
   653 | D:2      | Reached XP level 3. HP: 25/26 MP: 0/0
   653 | D:2      | Learned a level 1 spell: Necrotise
   696 | D:3      | Found Wonn's Magic Scroll Boutique.
   700 | D:3      | Bought a scroll of identify for 24 gold pieces
   772 | D:3      | Found Joaxt's Jewellery Shop.
   861 | D:3      | Identified the +0 robe of Yesterday {Int+2}
   908 | D:3      | Reached skill level 1 in Fighting
   908 | D:3      | Reached XP level 4. HP: 21/32 MP: 0/0
  1056 | D:3      | Bought a scroll of immolation for 48 gold pieces
  1056 | D:3      | Bought a scroll of identify for 24 gold pieces
  1111 | D:4      | Reached skill level 1 in Throwing
  1111 | D:4      | Reached skill level 1 in Armour
  1111 | D:4      | Reached skill level 4 in Spellcasting
  1111 | D:4      | Reached XP level 5. HP: 23/37 MP: 0/0
  1111 | D:4      | Learned a level 2 spell: Ensorcelled Hibernation
  1129 | D:4      | Found a staircase to the Ecumenical Temple.
  1158 | D:4      | Killed from afar by an orc priest

Illustrated notes

Levels and vault maps discovered:
D:1:      dpeg_arrival_three_same_balls, layout_loops_ring,
          ebering_ecumenical_altar_abandoned
D:2:      layout_basic
D:3:      layout_loops_cross, nemelex_xobeh_ov_fountains_minmay, serial_shops,
          nicolae_shop_behind_doors, nicolae_shop_window_shopping
D:4:      layout_basic, mainiacjoe_overflow_surrounded_room, lemuel_tele_altar,
          mainiacjoe_overflow_small_starburst,
          mainiacjoe_overflow_cross_hatched, minmay_temple_entry_overgrown,
          serial_shops, shop_fountains, nicolae_stop_n_shop_2,
          minmay_misc_feat_roman, uniq_blork_the_orc, uniq_sigmund, uniq_grinder

Skill      XL: |  1  2  3  4 |
---------------+-------------+-----
Fighting       | 1 |  1.2
Throwing       | 1 |  1.2
Armour         | 1 |  1.1
Spellcasting   | 4 |  4.1
Axes           | |  0.4
Dodging        | |  2.4
Stealth        | |  1.9

Action                     |  1- 3 |  4- 6 || total
---------------------------+-------+-------++-------
  Melee: Hand axe          |    20 |    12 ||    32
  Throw: Boomerang         |    34 |     2 ||    36
   Cast: Magic Dart        |    12 |       ||    12
         Searing Ray       |     4 |     3 ||     7
         Necrotise         |     2 |       ||     2
    Use: Scroll            |     5 |     2 ||     7
         Potion            |       |     1 ||     1
   Stab: Sleeping          |     1 |     1 ||     2
 Armour: Robe              |     4 |     4 ||     8
  Dodge: Dodged            |    14 |    36 ||    50
